 Dungeon Crawl Stone Soup version 0.20-a0-466-gc52d0eb (webtiles) character file.

39 Asddderdsw the Insei (level 3, 0/27 HPs)
             Began as a Demigod Transmuter on Jan 12, 2017.
             Slain by an adder (4 damage)
             ... on level 2 of the Dungeon.
             The game lasted 00:13:20 (1057 turns).

Asddderdsw the Insei (Demigod Transmuter)           Turns: 1057, Time: 00:13:21

Health: 0/27       AC:  2    Str: 13    XL:     3   Next: 13%
Magic:  6/8        EV: 13    Int: 19    God:
Gold:   27         SH:  0    Dex: 16    Spells: 5/6 levels left

rFire  . . .     SeeInvis .       - Unarmed
rCold  . . .     Gourm    .     b - +0 robe
rNeg   . . .     Faith    .     (no shield)
rPois  .         Spirit   .     (no helmet)
rElec  .         Reflect  .     (no cloak)
rCorr  .         Harm     .     (no gloves)
MR     .....                    (boots currently unavailable)
Stlth  +.........               (no amulet)
                                (no ring)
                                (no ring)

@: lethally poisoned (0 -> -8), appendage, very slightly contaminated
A: talons 3, high mp 1
a: End Transformation


You were on level 2 of the Dungeon.
You were not hungry.
You had grown temporary talons.
You visited 1 branch of the dungeon, and saw 2 of its levels.

You collected 27 gold pieces.

Inventory:

Missiles
 a - 61 arrows
 e - 17 stones (quivered)
 l - 2 exploding tomahawks
Armour
 b - a +0 robe (worn)
Scrolls
 g - a scroll of recharging
 h - a scroll of remove curse {unknown}
Potions
 i - a potion of might {unknown}
Books
 c - a book of Changes

   Spells                             Type                      Level
   a - Beastly Appendage              Transmutation                1
   b - Sticks to Snakes               Transmutation                2
   c - Spider Form                    Transmutation/Poison         3
   d - Ice Form                       Ice/Transmutation            4
   e - Blade Hands                    Transmutation                5
Comestibles
 d - a bread ration
 f - 3 chunks of flesh
 j - a slice of pizza


   Skills:
 + Level 0.8 Fighting
 + Level 2.0 Dodging
 + Level 3.5 Unarmed Combat
 + Level 2.0 Spellcasting
 + Level 2.0 Transmutations


You had 5 spell levels left.
You knew the following spells:

 Your Spells              Type           Power        Failure   Level  Hunger
a - Beastly Appendage     Tmut           #.....       10%         1    #......


Dungeon Overview and Level Annotations

Branches:
Dungeon (2/15)


Innate Abilities, Weirdness & Mutations

You have an increased reservoir of magic. (+10% MP)
You have claws for feet.


Message History

The adder poisons you!
Casting: Beastly Appendage
Confirm with . or Enter, or press ? or * to list all spells.
Your feet morph into talons.
You feel sick. The adder barely misses you. The adder bites you.
You hit the adder but do no damage.
The adder is moderately wounded.
You feel sick. The adder bites you.
* * * LOW HITPOINT WARNING * * *
Casting: Beastly Appendage
Confirm with . or Enter, or press ? or * to list all spells.
You miscast Beastly Appendage.
Nothing appears to happen.
* * * LOW HITPOINT WARNING * * *
You feel sick. The adder bites you.
* * * LOW HITPOINT WARNING * * *
You barely miss the adder.
The adder is moderately wounded.
* * * LOW HITPOINT WARNING * * *
You feel sick. The adder bites you.
You die...

..# <..# #..# ..
#..## #.# #...#
#..#. #...### #.....
###.....###.....
#..##.............#
#...S@.....).#.###
#.......#..).>.#####
#.........#.........
#.......###...######
.........##....#
#.#..........#..#
.........$##.##.#
.?...######. .# #.
..


You could see an adder.

Vanquished Creatures
  2 dart slugs (D:1)
  3 bats
  A giant cockroach (D:1)
  5 goblins
  5 hobgoblins
  4 ball pythons (D:1)
  A frilled lizard (D:1)
  5 kobolds (D:1)
  8 rats (D:1)
34 creatures vanquished.

Notes
Turn   | Place    | Note
-------+----------+-------------------------------------------
     0 | D:1      | Asddderdsw the Demigod Transmuter began the quest for the Orb.
     0 | D:1      | Reached XP level 1. HP: 15/15 MP: 5/5
    21 | D:1      | Reached skill level 3 in Unarmed Combat
   220 | D:1      | Reached XP level 2. HP: 17/22 MP: 5/7
   277 | D:1      | Learned a level 2 spell: Sticks to Snakes
   805 | D:1      | Reached XP level 3. HP: 22/27 MP: 8/8
  1057 | D:2      | Slain by an adder

Vault maps used:
D:1:      dpeg_arrival_ratfight, due_unseen_surprise
D:2:      uniq_terence

Skill      XL: |  1  2  3 |
---------------+----------+-----
Unarmed Combat | 3 |  3.5
Dodging        | 2 |  2.0
Spellcasting   | 2 |  2.0
Transmutations | 2 |  2.0
Fighting       | |  0.8

Action                   || total
-------------------------++-------
Melee: Unarmed           ||   114
       Headbutt          ||     4
       Kick              ||     8
       Punch             ||     1
 Cast: Beastly Appendage ||    19
  Use: Scroll            ||     3
  Eat: Chunk             ||     1
Armor: Robe              ||    33
Dodge: Dodged            ||    82
